 Dungeon Crawl Stone Soup version 0.20.1-1-g8b1a95d (webtiles) character file.

122 Crag the Covered (level 4, 9/42 HPs)
             Began as a Deep Dwarf Fighter on Sept 16, 2017.
             Quit the game on level 2 of the Dungeon.
             The game lasted 00:08:02 (1759 turns).

Crag the Covered (Deep Dwarf Fighter)               Turns: 1759, Time: 00:08:02

Health: 9/42       AC:  9    Str: 21    XL:     4   Next: 78%
Magic:  4/4        EV:  9    Int: 10    God:
Gold:   57         SH:  9    Dex: 12    Spells: 3/3 levels left

rFire    . . .     SeeInvis .   a - +0 war axe
rCold    . . .     Gourm    .   c - +0 shield
rNeg     . . .     Faith    .   b - +0 scale mail
rPois    .         Spirit   .   n - +0 helmet (curse)
rElec    .         Reflect  .   u - +0 cloak
rCorr    .         Harm     .   (no gloves)
MR       .....                  (no boots)
Stlth    +.........             (no amulet)
Regen    0.0/turn               o - ring of stealth
MPRegen  0.1/turn               (no ring)

@: non-regenerating
A: damage resistance, heal wounds, claws 1, clever 1, sense surroundings 1,
sturdy frame 1, no regeneration
a: Heal Wounds


You were on level 2 of the Dungeon.
You were not hungry.

You visited 1 branch of the dungeon, and saw 2 of its levels.

You collected 57 gold pieces.

Inventory:

Hand Weapons
 a - a +0 war axe (weapon)
Missiles
 j - 116 stones (quivered)
 r - 12 bolts
Armour
 b - a +0 scale mail (worn)
 c - a +0 shield (worn)
 n - a cursed +0 helmet (worn)
 u - a +0 cloak (worn)
Jewellery
 o - a ring of stealth (left claw)
Wands
 m - a wand of random effects (13/48)
Scrolls
 g - 2 scrolls of remove curse {unknown}
 h - a scroll of fear {unknown}
 i - a scroll of recharging {unknown}
 k - 2 scrolls of identify {unknown}
 l - a scroll of amnesia {unknown}
 p - a scroll of magic mapping {unknown}
 q - a scroll of fog {unknown}
 t - a scroll of teleportation {unknown}
Potions
 d - a potion of might
 e - a potion of curing
Comestibles
 f - 2 bread rations
 s - 2 meat rations
 v - 4 chunks of flesh


   Skills:
 + Level 3.3 Fighting
 - Level 3.0 Axes
 + Level 4.1 Armour
 + Level 2.1 Dodging
 + Level 3.9 Shields


You had 3 spell levels left.
You didn't know any spells.

Dungeon Overview and Level Annotations

Branches:
Dungeon (2/15)

Altars:
Trog


Innate Abilities, Weirdness & Mutations

You are resistant to damage.
You can heal yourself by infusing magical energy.
You passively map a small area around you.
You do not regenerate.
You have sharp fingernails.
Your mind is acute. (Int +2)
Your movements are slightly less encumbered by armour. (ER -2)


Message History

Things that are here:
a quarterstaff of chaos; a cloak; the gnoll corpse of Crazy Yiuf
u - a cloak You butcher the gnoll corpse of Crazy Yiuf.
v - 4 chunks of flesh You see here a quarterstaff of chaos.
Wear which item? (? for menu, Esc to quit)
You start putting on your armour.
You continue putting on your cloak. x4
You finish putting on your +0 cloak.
Wear which item? (? for menu, Esc to quit)
Really wear
n - a cursed +0 helmet?
Uppercase [Y]es or [N]o only, please.
Really wear
n - a cursed +0 helmet?
You start putting on your armour.
You continue putting on your cursed +0 helmet. x4
You finish putting on your cursed +0 helmet.
Oops, that feels deathly cold.
Quiver which item? (- for none, * to show all) (? for menu, Esc to quit)
Okay, then.
Are you sure you want to abandon this character and quit the game? (Confirm with "yes".)

.[...# ####.# #.#
#.# ####.## ...#..#
##.#..##♣♣ #####
...'>...P♣♣ ♣♣#..)#
##.#....PP♣♣♣♣.'@..#
#.#.....P.♣..♣#...#
#.#......♣.♣♣♣#####
#.#####♣♣♣♣♣ #.#
##.#######
.#.#.....#
.#.#.#...#
.#.#.....#########


There were no monsters in sight!

Vanquished Creatures
  Crazy Yiuf (D:2)
  4 adders
  An ooze (D:2)
  A worm (D:2)
  2 dart slugs (D:1)
  2 leopard geckos
  3 bats
  3 giant cockroaches (D:2)
  3 goblins
  7 hobgoblins
  2 jackals (D:1)
  2 quokkas (D:2)
  2 ball pythons (D:1)
  3 frilled lizards
  4 kobolds
  3 rats
43 creatures vanquished.

Notes
Turn   | Place    | Note
-------+----------+-------------------------------------------
     0 | D:1      | Crag the Deep Dwarf Fighter began the quest for the Orb.
     0 | D:1      | Reached XP level 1. HP: 20/20 MP: 1/1
   193 | D:1      | Reached XP level 2. HP: 22/27 MP: 2/2
   352 | D:1      | Reached skill level 1 in Dodging
   899 | D:1      | Gained mutation: You are occasionally teleported next to monsters. [potion of mutation]
   899 | D:1      | Gained mutation: You have a pair of small antennae on your head. [potion of mutation]
   899 | D:1      | Gained mutation: You are resistant to hostile enchantments. (MR+) [potion of mutation]
   901 | D:1      | Lost mutation: You are occasionally teleported next to monsters. [potion of mutation]
   901 | D:1      | Lost mutation: You are resistant to hostile enchantments. (MR+) [potion of mutation]
   901 | D:1      | Lost mutation: You have a pair of small antennae on your head. [potion of mutation]
   901 | D:1      | Gained mutation: Your movements are slightly less encumbered by armour. (ER -2) [potion of mutation]
   901 | D:1      | Gained mutation: You have sharp fingernails. [potion of mutation]
   901 | D:1      | Gained mutation: Your mind is acute. (Int +2) [potion of mutation]
   931 | D:1      | Reached XP level 3. HP: 32/34 MP: 3/3
  1242 | D:2      | Found a bloodstained altar of Trog.
  1401 | D:2      | Reached XP level 4. HP: 27/42 MP: 4/4
  1444 | D:2      | Reached skill level 4 in Armour
  1730 | D:2      | Found a runed door.
  1734 | D:2      | Noticed Crazy Yiuf
  1743 | D:2      | Killed Crazy Yiuf
  1759 | D:2      | Quit the game

Skill      XL: |  1  2  3  4 |
---------------+-------------+-----
Dodging        | 1 2 |  2.1
Fighting       | 3 |  3.3
Armour         | 4 |  4.1
Axes           | 3 |  3.0
Shields        | |  3.9

Action                   |  1- 3 |  4- 6 || total
-------------------------+-------+-------++-------
Melee: War axe           |   112 |    33 ||   145
Throw: Stone             |     1 |       ||     1
  Use: Potion            |     3 |       ||     3
 Stab: Sleeping          |     1 |       ||     1
  Eat: Chunk             |     2 |     1 ||     3
Armor: Scale mail        |    50 |    15 ||    65
Dodge: Dodged            |    38 |     9 ||    47
Block: Shield            |    57 |    12 ||    69
